 Dungeon Sprint DCSS version 0.27.1-1-g398f81649c (webtiles) character file.

Game seed: 7874847844972499941

1332 ugugthedestroyer the Cleaver (level 8, -23/82 HPs)
             Began as a Hill Orc Monk on Sept 7, 2021.
             Was the Champion of Beogh.
             Annihilated by a snapping turtle (56 damage)
             ... in the Dungeon (Sprint VII: "The Pits").
             The game lasted 00:03:56 (942 turns).

ugugthedestroyer the Cleaver (Hill Orc Monk)         Turns: 942, Time: 00:03:56

Health: -23/82     AC: 17    Str: 16    XL:     8   Next: 61%
Magic:  8/8        EV:  7    Int: 10    God:    Beogh [******]
Gold:   0          SH:  0    Dex: 13    Spells: 7/7 levels left

rFire    . . .     SeeInvis .   m - +2 hand axe (vorpal)
rCold    . . .     Faith    .   (no shield)
rNeg     . . .     Spirit   .   n - +2 plate armour
rPois    .         Reflect  .   r - +0 helmet
rElec    .         Harm     .   (no cloak)
rCorr    .         Rampage  .   (no gloves)
Will     .....     NoTele   +   (no boots)
Stlth    ..........             (no amulet)
HPRegen  0.23/turn              (no ring)
MPRegen  0.11/turn              (no ring)

@: sleeping
A: walk on water
a: Renounce Religion, Smiting, Recall Orcish Followers, Give Item to Named
Follower, Resurrection


You were in the Dungeon.
You worshipped Beogh.
Beogh was exalted by your worship.
You visited 1 branch

Inventory:

Hand Weapons
 a - a +0 hand axe
 i - a +2 antimagic hand axe
 m - a +2 vorpal hand axe (weapon)
Armour
 b - a +0 robe
 n - a +2 plate armour (worn)
 r - a +0 helmet (worn)
Jewellery
 e - a +3 ring of intelligence
 o - a +3 ring of intelligence
Scrolls
 h - a scroll of blinking
 k - 5 scrolls of amnesia
 l - a scroll of summoning
Potions
 c - 7 potions of curing
 d - 13 potions of heal wounds
 f - 4 potions of magic
 g - 2 potions of berserk rage
 j - 2 potions of invisibility
 p - 2 potions of haste
 q - a potion of resistance


   Skills:
 + Level 11.4 Fighting
 + Level 14.3 Axes
 * Level 9.6 Armour
 + Level 6.9 Dodging
 - Level 1.5 Stealth


You had 7 spell levels left.
You didn't know any spells.
Your spell library was empty.

Dungeon Overview and Level Annotations

Branches:
Dungeon (1/1)

Altars:
Ashenzari
Cheibriados
Dithmenos
Elyvilon
Fedhas
Gozag
Hepliaklqana
Kikubaaqudgha
Makhleb
Nemelex Xobeh
Okawaru
Qazlal
Ru
Sif Muna
Trog
Uskayaw
Vehumet
Wu Jian
Xom
Yredelemnul
Zin
The Shining One
Beogh
Jiyva
Lugonu


Message History

The polar bear barely misses you.
Unknown command.
You completely miss the polar bear.
The polar bear is heavily wounded.
Your orc wizard hits the polar bear with a +0 dagger.
Unknown command.
You catch the helpless polar bear completely off-guard!
You hit the polar bear.
The polar bear is severely wounded.
The snapping turtle bites you from afar!
The polar bear bites the dream sheep!!
The polar bear claws the dream sheep but does no damage. x2
You slash the polar bear!
The polar bear is almost dead.
Your orc wizard hits the polar bear but does no damage.
The snapping turtle closely misses you.
You hit the polar bear.
You kill the polar bear!
Beogh accepts your kill.
Your orc looks more experienced.
Your orc wizard looks more experienced.
Your orc looks more experienced.
Your Axes skill increases to level 14!
Your Armour skill increases to level 9!
You closely miss the dream sheep.
The dream sheep is almost dead.
The snapping turtle bites you from afar.
The dream sheep bites you but does no damage.
You slash the dream sheep!
You kill the dream sheep!
Beogh accepts your kill.
Your orc priest looks more experienced.
A dream sheep comes into view.
The dream sheep ruffle their wool and motes of dream dust sparkle, to no effect.
The snapping turtle bites you but does no damage.
The dream sheep shake their wool and sparkle.
You feel drowsy...
You fall asleep.
Your orc wizard points at the snapping turtle and mumbles some strange words.
The snapping turtle appears confused.
The snapping turtle bites you!!!
Ouch! That really hurt!
You die...

'#####......#..#......#
.#..##......o.........#
.'..#####'#####''######
##+###.......##''#
....##.......##..##
....##.......##...##
'#####...<...###.o.##+##.
.)..##.......# ##oo......
))..##.......# #@o###+###
######.......##Yt##
.#..###########..+
.#.############..#
.#.#....#..[[###..
.#)#....#...[# ##Y
.#.'ooo.'..))# .
.#'#)...#..))# .#
.o.#....#..))#


You could see a snapping turtle (confused, ally target), 2 dream sheep, a
friendly orc priest, a friendly orc wizard and 2 friendly orcs.

Vanquished Creatures
  An orange demon (D)
  2 polar bears (D)
  A dream sheep (D)
  2 floating eyes (D)
  An ice beast (D)
  A wolf (D)
  A phantom (D)
  A wight (D)
  A gnoll shaman (D)
  An iron imp (D)
  A jelly (D)
  4 gnolls (D)
  2 river rats (D)
  An ufetubus (D)
  A bat skeleton (D)
  A giant cockroach (D)
  A goblin (D)
  4 jackals (D)
  A quokka (D)
  A ball python (D)
  A frilled lizard (D)
  A giant cockroach zombie (D)
31 creatures vanquished.

Vanquished Creatures (collateral kills)
  A swamp drake (D)
1 creature vanquished.

Vanquished Creatures (others)
  2 orcs (D)
2 creatures vanquished.

Grand Total: 34 creatures vanquished

Notes
Turn   | Place    | Note
-------+----------+-------------------------------------------
     0 | D        | ugugthedestroyer the Hill Orc Monk began the quest for the
                  | Orb.
     0 | D        | Reached XP level 1. HP: 19/19 MP: 1/1
    43 | D        | Found a bloodstained altar of Trog.
    43 | D        | Found a shimmering blue altar of Sif Muna.
    43 | D        | Found a viscous altar of Jiyva.
    43 | D        | Found a hazy altar of Hepliaklqana.
    43 | D        | Found an opulent altar of Gozag.
    44 | D        | Found a glowing golden altar of the Shining One.
    44 | D        | Found a glowing silver altar of Zin.
    44 | D        | Found a basalt altar of Yredelemnul.
    44 | D        | Found a shimmering altar of Xom.
    44 | D        | Found an ornate altar of the Wu Jian Council.
    44 | D        | Found a sacrificial altar of Ru.
    44 | D        | Found a stormy altar of Qazlal.
    44 | D        | Found an iron altar of Okawaru.
    44 | D        | Found a sparkling altar of Nemelex Xobeh.
    44 | D        | Found a burning altar of Makhleb.
    44 | D        | Found a blossoming altar of Fedhas.
    44 | D        | Found a white marble altar of Elyvilon.
    44 | D        | Found a shadowy altar of Dithmenos.
    44 | D        | Found a snail-covered altar of Cheibriados.
    46 | D        | Found a radiant altar of Vehumet.
    46 | D        | Found a corrupted altar of Lugonu.
    46 | D        | Found a roughly hewn altar of Beogh.
    48 | D        | Found an ancient bone altar of Kikubaaqudgha.
    48 | D        | Found a hide-covered altar of Uskayaw.
    48 | D        | Found a broken altar of Ashenzari.
    56 | D        | Became a worshipper of Beogh the Brigand
    56 | D        | Reached * piety under Beogh
    56 | D        | Reached ** piety under Beogh
    80 | D        | Noticed a floating eye
    88 | D        | Killed a floating eye
    88 | D        | Reached *** piety under Beogh
    89 | D        | Reached skill level 8 in Axes
    89 | D        | Reached XP level 2. HP: 34/34 MP: 0/2
    89 | D        | Reached XP level 3. HP: 39/39 MP: 1/3
    89 | D        | Reached XP level 4. HP: 47/47 MP: 1/4
   108 | D        | Reached **** piety under Beogh
   182 | D        | Noticed a floating eye
   190 | D        | Paralysed by a floating eye for 4 turns
   197 | D        | Reached skill level 1 in Armour
   197 | D        | Reached XP level 5. HP: 52/52 MP: 5/5
   198 | D        | Killed a floating eye
   198 | D        | Reached ***** piety under Beogh
   199 | D        | Reached skill level 10 in Axes
   199 | D        | Reached skill level 5 in Dodging
   199 | D        | Reached XP level 6. HP: 62/62 MP: 6/6
   222 | D        | Reached skill level 11 in Axes
   383 | D        | Reached skill level 5 in Armour
   385 | D        | Noticed a polar bear
   398 | D        | Killed a polar bear
   398 | D        | Reached ****** piety under Beogh
   399 | D        | Reached skill level 10 in Fighting
   399 | D        | Reached skill level 12 in Axes
   399 | D        | Reached XP level 7. HP: 41/73 MP: 7/7
   537 | D        | Reached skill level 13 in Axes
   555 | D        | Reached XP level 8. HP: 46/81 MP: 8/8
   798 | D        | Noticed an orange demon
   804 | D        | Killed an orange demon
   924 | D        | Noticed a polar bear
   924 | D        | Noticed a snapping turtle
   924 | D        | Noticed a dream sheep
   925 | D        | Noticed a dream sheep
   938 | D        | Killed a polar bear
   939 | D        | Reached skill level 14 in Axes
   940 | D        | Killed a dream sheep
   941 | D        | Noticed a dream sheep
   942 | D        | Annihilated by a snapping turtle

Illustrated notes

Levels and vault maps discovered:
D:        pitsprint [storerooms_1, entrance_room_1, metal_vault_5, armoury_3,
          mini_pit_1, grid_room_1, main_hall_1, silver_pit, the_coven_2,
          the_vestibule_1, steel_vault_3, golden_pit, hallway_of_sentries,
          crystal_vault_2, iron_vault_3, final_vault]

Skill      XL: |  1  2  3  4  5  6  7  8 |
---------------+-------------------------+-----
Fighting       | 7 8 10 11 | 11.4
Axes           | 8 10 12 13 14 | 14.3
Dodging        | 4 5 6 |  6.9
Armour         | 1 3 6 7 9 |  9.6
Stealth        | |  1.5

Action                   |  1- 3 |  4- 6 |  7- 9 || total
-------------------------+-------+-------+-------++-------
Melee: Hand axe          |     8 |    65 |    52 ||   125
  Use: Potion            |       |     3 |       ||     3
 Stab: Sleeping          |     1 |       |       ||     1
       Distracted        |       |       |     1 ||     1
       Confused          |       |       |     1 ||     1
Armor: Robe              |     4 |     4 |       ||     8
       Plate armour      |       |    36 |    28 ||    64
Dodge: Dodged            |     3 |    12 |    28 ||    43
